 Dungeon Crawl Stone Soup version 0.16.2-12-gd0ad4c3 (webtiles) character file.

317 Seneschal the Stinger (level 6, -3/32 HPs)
             Began as a Gargoyle Venom Mage on Sept 23, 2015.
             Slain by a giant frog (4 damage)
             ... in a sewer.
             The game lasted 00:14:53 (2673 turns).

Seneschal the Stinger (Gargoyle Venom Mage)         Turns: 2673, Time: 00:14:53

Health: -3/32      AC:  6    Str: 11    XL:     6   Next: 45%
Magic:  2/14       EV: 12    Int: 18    God:
Gold:   149        SH:  0    Dex: 10    Spells: 3 memorised, 2 levels left

rFire  . . .     SeeInvis .     g - +2 short sword (venom)
rCold  . . .     Clarity  .     a - +0 robe
rNeg   + . .     SustAb   .     (no shield)
rPois  ∞         Gourm    .     (no helmet)
rElec  +         Spirit   .     (no cloak)
rCorr  .         Warding  .     (no gloves)
rMut   .         Stasis   +     (no boots)
MR     .....                    h - amulet of stasis
Stlth  +.........               (no ring)
                                (no ring)

@: very slightly contaminated, not resistant to hostile enchantments, very
unstealthy
A: negative energy resistance 1, electricity resistance, unbreathing,
petrification resistance, rot immunity, AC +4
a: no special abilities


You were in a sewer.
You were hungry.

You visited 1 branch of the dungeon, and saw 3 of its levels.
You also visited: Sewer.

You collected 149 gold pieces.

Inventory:

Hand weapons
 g - a +2 short sword of venom (weapon)
Armour
 a - a +0 robe (worn)
Jewellery
 h - an amulet of stasis (around neck)
 p - a +2 ring of evasion {unknown}
Scrolls
 i - a scroll of magic mapping {unknown}
 l - a scroll of fear {unknown}
 m - a scroll of identify {unknown}
 n - 2 scrolls of teleportation {unknown}
 s - a scroll of fog {unknown}
Potions
 d - a potion of haste {unknown}
 e - a potion of magic {unknown}
 f - a potion of heal wounds {unknown}
 j - a potion of invisibility {unknown}
 k - a potion of restore abilities {unknown}
 r - a potion of agility
Books
 b - a Young Poisoner's Handbook

   Spells                             Type                      Level
   a - Sting                          Conjuration/Poison           1
   b - Cure Poison                    Poison                       2
   c - Mephitic Cloud                 Conjuration/Poison/Air       3
   d - Olgreb's Toxic Radiance        Poison                       4
   e - Venom Bolt                     Conjuration/Poison           5
Comestibles
 c - 3 bread rations
 o - a beef jerky
 q - 3 fruits


   Skills:
 - Level 1.5 Dodging
 - Level 2.1 Stealth
 * Level 3.9 Spellcasting
 * Level 3.4 Conjurations
 * Level 5.5 Poison Magic


You had 2 spell levels left.
You knew the following spells:

 Your Spells              Type           Power        Failure   Level  Hunger
a - Sting                 Conj/Pois      ###.         2%          1    None
b - Olgreb's Toxic Radia  Pois           ###.....     17%         4    ####...
c - Venom Bolt            Conj/Pois      ###.......   78%         5    ######.


Dungeon Overview and Level Annotations

Branches:
Dungeon (3/15)

Altars:


Innate Abilities, Weirdness & Mutations

You are resistant to torment.
You are immune to poison.
Your stone body is very resilient (AC +4).
You resist negative energy.
You are resistant to electric shocks.
You can survive without breathing.
You are immune to petrification.
You are immune to rotting.


Message History

The giant frog barely misses you.
Casting: Olgreb's Toxic Radiance
Confirm with . or Enter, or press ? or * to list all spells.
You begin to radiate toxic energy.
The giant frog looks even sicker.
The giant frog is poisoned.
The giant frog hits you but does no damage.
The giant frog hits you.
The giant frog hits you but does no damage.
Why would you want to do that?
The giant frog looks even sicker.
The giant frog hits you.
* * * LOW HITPOINT WARNING * * *
The giant frog completely misses you. The giant frog hits you.
* * * LOW HITPOINT WARNING * * *
The giant frog hits you.
* * * LOW HITPOINT WARNING * * *
The giant frog looks even sicker. x2
Your toxic aura wanes.
You kill the giant frog!
The giant frog closely misses you. The giant frog hits you.
You die...

#†≈≈≈≈# #.≈≈≈.#
#.≈≈≈≈# ###≈ #.≈≈≈≈#
##≈≈≈≈≈
#≈≈≈≈≈##≈≈≈≈≈≈≈
#≈≈≈≈≈#≈≈≈≈∩≈≈≈
#≈≈≈≈≈≈≈≈≈≈..≈≈≈.≈≈≈≈≈
#†≈≈≈≈≈≈≈≈≈≈..≈.).≈≈≈≈
#.≈≈≈@F≈≈≈≈≈..≈[$?.≈≈≈
#≈≈≈≈≈≈≈≈≈≈≈.≈≈≈)≈≈≈≈≈
#≈≈≈≈≈≈≈≈≈≈≈≈...≈≈≈≈≈≈
#≈≈≈≈≈≈≈≈≈≈≈.≈≈≈≈≈≈≈≈≈
#≈≈≈≈.≈≈≈≈≈≈≈≈≈≈≈≈≈≈≈≈
#.≈≈≈.≈≈≈≈≈≈≈≈≈≈≈≈≈≈≈≈
#.≈≈≈≈..≈≈≈≈≈≈≈≈≈≈....
#.≈≈≈≈≈≈≈≈≈≈†≈≈≈≈≈≈≈≈≈
#.≈≈≈≈≈≈≈≈≈≈≈≈≈≈≈≈≈≈≈≈


You could see a giant frog.

Vanquished Creatures
  A giant frog (Sewer)
  An orc priest (D:3)
  Jessica (D:2)
  5 gnolls
  A river rat (D:3)
  2 giant mites
  3 adders
  2 worms (D:3)
  5 orcs (D:3)
  8 giant cockroaches
  7 hobgoblins
  4 jackals (D:2)
  A quokka (D:2)
  6 ball pythons
  10 bats
  6 giant geckos
  10 giant newts
  8 goblins
  10 kobolds
  11 rats
102 creatures vanquished.

Notes
Turn   | Place    | Note
--------------------------------------------------------------
     0 | D:1      | Seneschal, the Gargoyle Venom Mage, began the quest for the Orb.
     0 | D:1      | Reached XP level 1. HP: 10/10 MP: 3/3
    73 | D:1      | Reached XP level 2. HP: 7/15 MP: 1/4
   475 | D:1      | Reached skill level 1 in Conjurations
   629 | D:1      | Reached XP level 3. HP: 17/19 MP: 4/6
  1240 | D:2      | Reached XP level 4. HP: 24/24 MP: 0/8
  1260 | D:2      | Learned a level 4 spell: Olgreb's Toxic Radiance
  1580 | D:2      | Noticed Jessica
  1591 | D:2      | Killed Jessica
  1591 | D:2      | Reached XP level 5. HP: 25/28 MP: 11/11
  1611 | D:2      | Learned a level 5 spell: Venom Bolt
  1649 | D:3      | Reached skill level 5 in Poison Magic
  2185 | D:3      | Found a glowing drain.
  2194 | Sewer    | Entered a sewer
  2407 | Sewer    | Reached XP level 6. HP: 30/32 MP: 8/13
  2672 | Sewer    | HP: 1/32 [giant frog (2)]
  2673 | Sewer    | Slain by a giant frog

Action                   |  1- 3 |  4- 6 || total
-------------------------+-------+-------++-------
Melee: Unarmed           |     3 |       ||     3
       Short sword       |    13 |   102 ||   115
 Cast: Sting             |    65 |    33 ||    98
       Olgreb's Toxic Ra |       |    13 ||    13
  Use: Scroll            |     1 |       ||     1
       Potion            |       |     1 ||     1
 Stab: Sleeping          |       |     1 ||     1
  Eat: Chunk             |     1 |     3 ||     4
       Bread ration      |       |     1 ||     1
